 Dungeon Crawl Stone Soup version 0.5-svn (crawl-ref) r9667 character file.

8307 Rarog the Grappler (level 10, -13/96 HPs)
             Began as a Troll Berserker on Apr 27, 2009.
             Was a High Priest of Trog.
             Mangled by a slime creature (15 damage)
             ... on Level 12 of the Dungeon. Dgl's game lasted 01:17:36 (10263 turns). Rarog the Grappler (Troll Berserker) Turns: 10263, Time: 01:17:36

HP -13/96        AC 10     Str 27 Exp: 10/11331 (1306), need: 308
MP   2/2         EV 13     Int  6      God: Trog *****
Gold 376         SH  0     Dex  8      Spells:  0 memorised,  9 levels left

Res.Fire  : . . .   See Invis. : +     - Unarmed
Res.Cold  : . . .   Warding    : .   v - +2 orc robe
Life Prot.: . . .   Conserve   : .   (shield restricted)
Res.Poison: .       Res.Corr.  : .   (helmet restricted)
Res.Elec. : .       Clarity    : .   (no cloak)
                                     (gloves unavailable)
Sust.Abil.: .       Rnd.Telep. : .   (boots unavailable)
Res.Mut.  : .       Ctrl.Telep.: .   (no amulet)
Res.Slow  : .       Levitation : .   g - +2 ring of evasion
Gourmand  : +       Ctrl.Flight: .   e - ring of see invisible

@: exhausted, slowed, somewhat resistant to magic, unstealthy
A: unfitting armour, regeneration 2, fast metabolism 3, blurry vision 1,
saprovore 2, gourmand, -10% mp, AC +6, Dex -1
a: Burn Spellbooks, Berserk, Trog's Hand, Brothers in Arms, Renounce Religion


You were on level 12 of the Dungeon.
You worshipped Trog.
Trog was exalted by your worship.
You were very hungry.

You visited 2 branches of the dungeon, and saw 13 of its levels.

You collected 480 gold pieces.
You spent 120 gold pieces at shops.

Inventory:

Hand weapons
 f - a +0,+1 orcish trident
 i - a -1,+1 orcish flail
 m - a cursed +0,-3 mace
 p - a +0,+3 whip of electrocution
 s - a +4,+3 orcish dagger
 B - a +2,+1 orcish dagger
 F - a +0,+1 orcish dagger
 L - a +1,+0 dagger
 N - a +2,+0 dagger of venom (quivered)
 V - a +0,+1 orcish dagger
Missiles
 o - 8 curare-tipped +0 elven needles
Armour
 b - a +0 animal skin
 v - a +2 orcish robe (worn)
Magical devices
 t - a wand of draining (5)
 z - a wand of frost (14)
 T - a wand of slowing (8)
Comestibles
 a - 4 meat rations
 j - 5 bread rations
 q - 2 bananas
Scrolls
 c - 2 scrolls of random uselessness
 d - a scroll of immolation
 l - a scroll of detect curse
 n - 4 scrolls of identify
 r - a scroll of teleportation
 u - 2 scrolls of enchant armour
 w - a scroll of enchant weapon I
 x - 2 scrolls of fog
 J - 2 scrolls of remove curse
Jewellery
 e - a ring of see invisible (left hand)
 g - a +2 ring of evasion (right hand)
 E - an uncursed ring of protection from cold
 G - an uncursed ring of magical power
 I - a +2 ring of dexterity
 O - a +2 ring of protection
Potions
 k - 4 potions of healing
 y - 2 potions of restore abilities You had 1306 experience left.


   Skills:
 + Level 6 Fighting
 + Level 8 Dodging
 + Level 1 Stealth
 + Level 12 Unarmed Combat


You had 9 spell levels left.
You didn't know any spells.

Overview of the Dungeon

Branches:
Temple: D:4 Orc : D:6

Shops:
D:7: [!(


Innate Abilities, Weirdness & Mutations

You have claws for hands.
Your body does not fit into most forms of armour.
You have extremely tough skin (AC +3).
You heal very quickly.
Your metabolism is lightning-fast.
You can eat rotten meat.
You like to eat raw meat.
You are covered in fur (AC +1).
You are clumsy (Dex -1).
Your vision is a little blurry.
Your magical capacity is low (-10% MP).
You are partially covered in yellow scales (AC +2).


Message History

The slime creature is moderately wounded.
The slime creature hits you! The slime creature misses you.
The slime creature hits you!
* * * LOW HITPOINT WARNING * * *
The slime creature hits you.
* * * LOW HITPOINT WARNING

* * * #.#.##...#
#########.#.###.##
#...............#
#..........######
#............#
#########.#..##
#########.....########
.......######.#.......
.....@.'..............
.....JJ###.##.#.......
..............<.......
.......#######...#####
.......# ####...#....
######## #......#).#
#.......[.#
#.....[####.
#...........


You could see 2 slime creatures.

Vanquished Creatures
  A hill giant (D:11)
  An unseen horror (D:10)
  Erolcha (D:9)
  2 cyclopes (D:11)
  3 slime creatures (D:12)
  2 trolls
  A giant brown frog zombie (D:12)
  2 hippogriffs
  A giant blowfly (D:12)
  A small abomination (D:7)
  A wyvern (D:11)
  4 ogres
  A phantom (D:11)
  3 ice beasts
  A gila monster (D:10)
  2 centaurs
  Sigmund (D:7)
  3 orc warriors
  7 giant frogs
  A brown snake (D:9)
  A giant frog zombie (D:11)
  The ghost of Rarog the Ruffian, a weakling TrBe of Trog (D:3)
  Blork the orc (D:7)
  5 killer bees (D:7)
  8 imps
  7 orc priests
  5 hounds
  2 giant beetles
  13 orc wizards
  A shadow (D:9)
  A giant ant (D:6)
  A giant iguana (D:9)
  2 scorpions
  Ijyb (D:7)
  A giant ant zombie (D:7)
  6 jellies
  12 snakes
  3 worms
  3 gnolls (D:9)
  2 giant mites
  A giant iguana zombie (D:8)
  Terence (D:4)
  An ooze (D:3)
  2 giant eyeballs (D:8)
  6 giant cockroaches
  9 giant geckos
  19 hobgoblins
  4 jackals
  43 orcs
  2 quokkas
  18 giant bats
  A giant cockroach zombie (D:5)
  12 giant newts
  12 goblins
  16 kobolds
  16 rats
  A small snake (D:1)
279 creatures vanquished.

Vanquished Creatures (others)
  2 orcs
  A giant spore (D:8)
  A rat (D:7)
4 creatures vanquished.

Grand Total: 283 creatures vanquished

Notes
Turn   | Place    | Note
--------------------------------------------------------------
     0 | D:1      | Rarog, the Troll Berserker, began the quest for the Orb.
     0 | D:1      | Reached XP level 1. HP: 18/18 MP: 0/0
   302 | D:1      | Reached XP level 2. HP: 25/27 MP: 0/0
  1183 | D:2      | Reached XP level 3. HP: 32/36 MP: 1/1
  1217 | D:2      | Acquired Trog's second power
  1553 | D:3      | Noticed Rarog's ghost
  1565 | D:3      | Defeated Rarog's ghost
  1565 | D:3      | Reached XP level 4. HP: 30/42 MP: 1/1
  1726 | D:2      | Reached skill 4 in Unarmed Combat
  1819 | D:3      | Reached XP level 5. HP: 47/49 MP: 1/1
  1982 | D:3      | Gained mutation: Your magical capacity is low (-10% MP).
  1982 | D:3      | Gained mutation: Your body is slowly deteriorating.
  1982 | D:3      | Gained mutation: Your system is immune to poisons.
  2536 | D:3      | Reached skill 5 in Unarmed Combat
  3039 | D:4      | Reached XP level 6. HP: 54/58 MP: 1/1
  3147 | D:4      | Gained mutation: You are agile (Dex +1).
  3226 | D:4      | Noticed Terence
  3234 | D:4      | Defeated Terence
  3522 | D:4      | Reached skill 6 in Unarmed Combat
  3819 | Temple   | Entered the Ecumenical Temple
  4203 | D:4      | Acquired Trog's third power
  4382 | D:5      | Entered Level 5 of the Dungeon
  4394 | D:5      | Reached XP level 7. HP: 64/66 MP: 1/1
  4792 | D:5      | Reached skill 5 in Dodging
  4792 | D:5      | Reached skill 7 in Unarmed Combat
  4894 | D:5      | Lost mutation: Your system is immune to poisons.
  4894 | D:5      | Lost mutation: Your body is slowly deteriorating.
  4894 | D:5      | Lost mutation: You are agile (Dex +1).
  4894 | D:5      | Lost mutation: Your magical capacity is low (-10% MP).
  5554 | D:6      | Reached XP level 8. HP: 69/76 MP: 2/2
  5680 | D:7      | Noticed Sigmund
  5685 | D:7      | Defeated Sigmund
  5741 | D:7      | Noticed Ijyb
  5746 | D:7      | Defeated Ijyb
  5816 | D:7      | Reached skill 8 in Unarmed Combat
  5972 | D:7      | Bought a potion of restore abilities for 60 gold pieces
  5972 | D:7      | Bought a potion of restore abilities for 60 gold pieces
  6024 | D:7      | Noticed Blork the orc
  6032 | D:7      | Defeated Blork the orc
  6087 | D:7      | Reached skill 9 in Unarmed Combat
  6093 | D:7      | Reached XP level 9. HP: 59/82 MP: 3/3
  7286 | D:9      | Noticed Erolcha
  7385 | D:9      | Defeated Erolcha
  7491 | D:9      | Reached skill 5 in Fighting
  7518 | D:9      | Reached skill 10 in Unarmed Combat
  8003 | D:9      | Gained mutation: Your vision is a little blurry.
  8003 | D:9      | Gained mutation: You are partially covered in yellow scales (AC +2).
  8003 | D:9      | Gained mutation: You have extremely tough skin (AC +3).
  8067 | D:10     | Entered Level 10 of the Dungeon
  8254 | D:10     | Reached XP level 10. HP: 79/94 MP: 3/3
  8778 | D:11     | Reached skill 1 in Stealth
  8994 | D:11     | Reached skill 11 in Unarmed Combat
  9100 | D:11     | Received a gift from Trog
  9215 | D:11     | Gained mutation: You are clumsy (Dex -1).
  9215 | D:11     | Gained mutation: Your magical capacity is low (-10% MP).
 10239 | D:12     | Reached skill 12 in Unarmed Combat
 10262 | D:12     | HP: 4/96 [slime creature (17)]
 10262 | D:12     | HP: 1/96 [slime creature (3)]
 10263 | D:12     | Mangled by a slime creature
